cohdb
Replays
Latest Replays
All Replays
Popular Replays
Top Player Replays
Match Explorer
How It Works
Community
CoH3 Stats
Reddit
Sign in to upload your games and track your stats! →
Sign in with Steam
Match 42091810
Unlisted
Match 42091810
Overview
Messages
Build Orders
End
Kradschützen Motorcycle Team
Panzergrenadier Squad
250 Light Carrier
Selects Panzerjäger Kommand Battlegroup
Selects Mine Fields
Panzergrenadier Squad
Panzergrenadier Squad
Construct Light Support Kompanie
Fire Support Elements
Selects Tank Busters
Panzerjäger Squad
Flakvierling Half-track
Selects Crew Shock Tactics
Panzerpioneer Squad
Veteran Squad Leaders
2.5-tonne Medical Truck
Panzerjäger Squad
Construct Panzerarmee Kommand
Selects Defensive Positions
Forward Retreat Point
Selects Butterfly Bomb Drop
Butterfly Bomb Drop
Walking Stuka Rocket Launcher
Butterfly Bomb Drop
AI Takeover
ToXa
Королева PizdаliSov
Muchozol
moohey
STALKER4732
SoyaLors
ezh
Belfegor ๏̯͡๏
0
0
Comments
sign in to comment!
No comments posted yet!